BR
SAN FRANCISCO MACHO MEN @ YELLOWKNIFE CLAWS
08/12/2027
 
TOP OF THE 1ST
San Francisco Macho Men batting - Pitching for Yellowknife Claws : RHP George Pierce
Pitching: RHP George Pierce
Batting: LHB António Muñóz 0-0: Called Strike
0-1: Ball
1-1: Ball
2-1: Foul Ball, location: 2F
2-2: Strikes out swinging
Batting: RHB Steve Boyer 0-0: Called Strike
0-1: Called Strike
0-2: Hit by Pitch
Batting: SHB Walton Locke 0-0: Ball
1-0: Foul Ball, location: 2F
1-1: Grounds into double play, 6-4-3 (Groundball, 6)
Top of the 1st over - 0 run(s), 0 hit(s), 0 error(s), 0 left on base; San Francisco 0 - Yellowknife 0
BOTTOM OF THE 1ST
Yellowknife Claws batting - Pitching for San Francisco Macho Men : RHP Gilberto Delgado
Pitching: RHP Gilberto Delgado
Batting: RHB Fernando Álvarez 0-0: Ball
1-0: Called Strike
1-1: Foul Ball, location: 2F
1-2: Strikes out swinging
Batting: RHB Matt Dundee 0-0: Ball
1-0: Swinging Strike
1-1: Called Strike
1-2: Ball
2-2: Strikes out swinging
Batting: SHB José Espinoza 0-0: Foul Ball, location: 2F
0-1: Fly out, F7 (Flyball, 7)
Bottom of the 1st over - 0 run(s), 0 hit(s), 0 error(s), 0 left on base; San Francisco 0 - Yellowknife 0
TOP OF THE 2ND
San Francisco Macho Men batting - Pitching for Yellowknife Claws : RHP George Pierce
Batting: LHB Clayton Bailey 0-0: Foul Ball, location: 2F
0-1: Called Strike
0-2: Foul Ball, location: 2F
0-2: Ball
1-2: Fly out, F4 (Popup, 34D)
Batting: LHB Tony Ayala 0-0: Called Strike
0-1: Called Strike
0-2: Ball
1-2: Foul Ball, location: 2F
1-2: Ball
2-2: Foul Ball, location: 2F
2-2: Fly out, F8 (Line Drive, 8RM)
Batting: RHB Mike Hall 0-0: Swinging Strike
0-1: Ball
1-1: Ball
2-1: Ball
3-1: Base on Balls
Batting: RHB Edgar Juárez 0-0: Ball
1-0: Called Strike
1-1: Ball
2-1: Ball
3-1: Foul Ball, location: 2F
3-2: Strikes out swinging
Top of the 2nd over - 0 run(s), 0 hit(s), 0 error(s), 1 left on base; San Francisco 0 - Yellowknife 0
BOTTOM OF THE 2ND
Yellowknife Claws batting - Pitching for San Francisco Macho Men : RHP Gilberto Delgado
Batting: RHB Diego Cabañas 0-0: Foul Ball, location: 2F
0-1: Called Strike
0-2: Ball
1-2: Foul Ball, location: 2F
1-2: Ball
2-2: Strikes out swinging
Batting: RHB Bob Bishop 0-0: Called Strike
0-1: Swinging Strike
0-2: Strikes out looking
Batting: RHB Curt O'Brian 0-0: Ball
1-0: SINGLE (Line Drive, 8RS)
Batting: RHB Alan Williams 0-0: Ball
1-0: Ball
2-0: Foul Ball, location: 2F
2-1: Fly out, F8 (Flyball, 89M)
Bottom of the 2nd over - 0 run(s), 1 hit(s), 0 error(s), 1 left on base; San Francisco 0 - Yellowknife 0
TOP OF THE 3RD
San Francisco Macho Men batting - Pitching for Yellowknife Claws : RHP George Pierce
Batting: RHB Carlos Rosales 0-0: Ball
1-0: Ball
2-0: Ball
3-0: Called Strike
3-1: Called Strike
3-2: Foul Ball, location: 2F
3-2: Foul Ball, location: 2F
3-2: Ground out 6-3 (Groundball, 6)
Batting: RHB Dave MacGruder 0-0: Ball
1-0: Swinging Strike
1-1: Called Strike
1-2: Foul Ball, location: 2F
1-2: Strikes out swinging
Batting: LHB António Muñóz 0-0: SINGLE (Line Drive, 34)
Batting: RHB Steve Boyer 0-0: Ball
1-0: Called Strike
1-1: Foul Ball, location: 2F
1-2: Ground out 4-3 (Groundball, 4MS)
Top of the 3rd over - 0 run(s), 1 hit(s), 0 error(s), 1 left on base; San Francisco 0 - Yellowknife 0
BOTTOM OF THE 3RD
Yellowknife Claws batting - Pitching for San Francisco Macho Men : RHP Gilberto Delgado
Batting: RHB Carlos Uribe 0-0: Ball
1-0: Ball
2-0: Ground out 6-3 (Groundball, 56)
Batting: RHB Juan Gómez 0-0: Ball
1-0: Ball
2-0: Foul Ball, location: 2F
2-1: Ball
3-1: Foul Ball, location: 2F
3-2: Foul Ball, location: 2F
3-2: Ground out 3-1 (Groundball, 34)
Batting: RHB Fernando Álvarez 0-0: Fly out, F9 (Flyball, 9)
Bottom of the 3rd over - 0 run(s), 0 hit(s), 0 error(s), 0 left on base; San Francisco 0 - Yellowknife 0
TOP OF THE 4TH
San Francisco Macho Men batting - Pitching for Yellowknife Claws : RHP George Pierce
Batting: SHB Walton Locke 0-0: Ground out 4-3 (Groundball, 4)
Batting: LHB Clayton Bailey 0-0: Ball
1-0: SINGLE (Groundball, 56D)
Batting: LHB Tony Ayala 0-0: Ball
1-0: Ball
2-0: Foul Ball, location: 2F
2-1: Reached on error, E7 (Flyball, 78D)
Clayton Bailey to third
Batting: RHB Mike Hall 0-0: Called Strike
0-1: Ball
1-1: Foul Ball, location: 2F
1-2: Ball
2-2: Ball
3-2: Base on Balls
Batting: RHB Edgar Juárez 0-0: Called Strike
0-1: Called Strike
0-2: Ball
1-2: Ball
2-2: Foul Ball, location: 2F
2-2: Strikes out swinging
Batting: RHB Carlos Rosales 0-0: Ball
1-0: Called Strike
1-1: Ball
2-1: Foul Ball, location: 2F
2-2: Ball
3-2: Strikes out swinging
Top of the 4th over - 0 run(s), 1 hit(s), 1 error(s), 3 left on base; San Francisco 0 - Yellowknife 0
BOTTOM OF THE 4TH
Yellowknife Claws batting - Pitching for San Francisco Macho Men : RHP Gilberto Delgado
Batting: RHB Matt Dundee 0-0: Ball
1-0: Called Strike
1-1: SINGLE (Flyball, 89M)
Batting: SHB José Espinoza 0-0: Called Strike
0-1: Foul Ball, location: 2F
0-2: Strikes out swinging
Batting: RHB Diego Cabañas 0-0: Called Strike
0-1: Ground out 5-3 (Groundball, 56S)
Matt Dundee to second
Batting: RHB Bob Bishop 0-0: Foul Ball, location: 2F
0-1: Foul Ball, location: 2F
0-2: Foul Ball, location: 2F
0-2: Ball
1-2: Ball
2-2: Fly out, F8 (Flyball, 8LM)
Bottom of the 4th over - 0 run(s), 1 hit(s), 0 error(s), 1 left on base; San Francisco 0 - Yellowknife 0
TOP OF THE 5TH
San Francisco Macho Men batting - Pitching for Yellowknife Claws : RHP George Pierce
Batting: RHB Dave MacGruder 0-0: SINGLE (Groundball, 56D)
Pitching: RHP Dale Polk
Batting: LHB António Muñóz 0-0: Ball
1-0: Called Strike
1-1: Swinging Strike
1-2: Fly out, F5 (Popup, 5D)
Batting: RHB Steve Boyer 0-0: Ball
1-0: Called Strike
1-1: Called Strike
Dave MacGruder is caught stealing 2nd base
1-2: Strikes out looking
Top of the 5th over - 0 run(s), 1 hit(s), 0 error(s), 0 left on base; San Francisco 0 - Yellowknife 0
BOTTOM OF THE 5TH
Yellowknife Claws batting - Pitching for San Francisco Macho Men : RHP Gilberto Delgado
Batting: RHB Curt O'Brian 0-0: Ball
1-0: Called Strike
1-1: Called Strike
1-2: Foul Ball, location: 2F
1-2: SINGLE (Groundball, 4MD)
Batting: RHB Alan Williams 0-0: Called Strike
0-1: SINGLE (Groundball, 56D)
Curt O'Brian to second
Batting: RHB Carlos Uribe 0-0: Foul Ball, location: 2F
0-1: Swinging Strike
0-2: Ball
1-2: Ball
2-2: Strikes out swinging
Batting: RHB Juan Gómez 0-0: Called Strike
0-1: Foul Ball, location: 2F
0-2: Ball
1-2: Fly out, F8 (Flyball, 8LM)
Runner from 2nd tags up, OUT at 3rd
Bottom of the 5th over - 0 run(s), 2 hit(s), 0 error(s), 1 left on base; San Francisco 0 - Yellowknife 0
TOP OF THE 6TH
San Francisco Macho Men batting - Pitching for Yellowknife Claws : RHP Dale Polk
Batting: SHB Walton Locke 0-0: Swinging Strike
0-1: Ball
1-1: Ball
2-1: Ball
3-1: Base on Balls
Batting: LHB Clayton Bailey 0-0: Foul Ball, location: 2F
0-1: Foul Ball, location: 2F
0-2: Ball
Wild Pitch!
Walton Locke to second
1-2: Foul Ball, location: 2F
1-2: Fly out, F7 (Flyball, 78S)
Batting: LHB Tony Ayala 0-0: Intentional Walk
Batting: RHB Mike Hall 0-0: Ball
Walton Locke steals 3rd base
Tony Ayala to second
1-0: Foul Ball, location: 2F
1-1: Ball
2-1: SINGLE (Groundball, 56)
Walton Locke scores
Tony Ayala to third
Runner from 3rd tries for Home, SAFE, no throw
Pitching: RHP Juan Elías
Batting: RHB Edgar Juárez 0-0: Ball
Mike Hall steals 2nd base
1-0: Called Strike
1-1: Ground out 5-3 (Groundball, 56)
Batting: RHB Carlos Rosales 0-0: Swinging Strike
0-1: Called Strike
0-2: Ball
1-2: Ball
2-2: Ball
3-2: Foul Ball, location: 2F
3-2: Base on Balls
Batting: RHB Dave MacGruder 0-0: Ball
1-0: Foul Ball, location: 2F
1-1: Foul Ball, location: 2F
1-2: Foul Ball, location: 2F
1-2: Ball
2-2: Ball
3-2: Base on Balls
Mike Hall to third
Carlos Rosales to second
Batting: LHB António Muñóz 0-0: Ball
1-0: Ball
2-0: Called Strike
2-1: SINGLE (Line Drive, 34)
Mike Hall scores
Carlos Rosales to third
Dave MacGruder to second
Runner from 3rd tries for Home, SAFE, no throw
Batting: RHB Steve Boyer 0-0: Called Strike
0-1: Foul Ball, location: 2F
0-2: Fielders Choice at 2nd, 6-4 (Groundball, 6)
Top of the 6th over - 4 run(s), 2 hit(s), 0 error(s), 1 left on base; San Francisco 4 - Yellowknife 0
BOTTOM OF THE 6TH
Yellowknife Claws batting - Pitching for San Francisco Macho Men : RHP Gilberto Delgado
Batting: RHB Fernando Álvarez 0-0: Ball
1-0: Ground out U3 (Groundball, 3S)
Batting: RHB Matt Dundee 0-0: Called Strike
0-1: Ball
1-1: Ball
2-1: Ground out 6-3 (Groundball, 6)
Batting: SHB José Espinoza 0-0: Ball
1-0: Ball
2-0: Foul Ball, location: 2F
2-1: Ball
3-1: Fly out, F9 (Flyball, 9S)
Bottom of the 6th over - 0 run(s), 0 hit(s), 0 error(s), 0 left on base; San Francisco 4 - Yellowknife 0
TOP OF THE 7TH
San Francisco Macho Men batting - Pitching for Yellowknife Claws : RHP Juan Elías
Batting: SHB Walton Locke 0-0: Ball
1-0: SINGLE (Line Drive, 4D)
Batting: LHB Clayton Bailey 0-0: Called Strike
0-1: Foul Ball, location: 2F
0-2: Ball
1-2: Foul Ball, location: 2F
1-2: Ball
2-2: Ball
3-2: Base on Balls
Walton Locke to second
Batting: LHB Tony Ayala 0-0: Called Strike
0-1: SINGLE (Line Drive, 56)
Walton Locke to third
Clayton Bailey to second
Batting: RHB Mike Hall 0-0: Ball
1-0: Called Strike
1-1: Swinging Strike
1-2: Ball
2-2: Strikes out swinging
Batting: RHB Edgar Juárez 0-0: Called Strike
0-1: Ball
1-1: Ball
2-1: Foul Ball, location: 2F
2-2: SINGLE (Line Drive, 6MD)
Walton Locke scores
Clayton Bailey to third
Tony Ayala to second
Pitching: LHP José Rojas
Batting: RHB Carlos Rosales 0-0: Called Strike
0-1: Foul Ball, location: 2F
0-2: Ball
1-2: Foul Ball, location: 2F
1-2: Foul Ball, location: 2F
1-2: Foul Ball, location: 2F
1-2: SINGLE (Groundball, 3D)
Clayton Bailey scores
Tony Ayala to third
Edgar Juárez to second
Runner from 3rd tries for Home, SAFE, no throw
Batting: RHB Dave MacGruder 0-0: Ball
1-0: Called Strike
1-1: Ball
2-1: Called Strike
2-2: Ball
3-2: Foul Ball, location: 2F
3-2: Foul Ball, location: 2F
3-2: Base on Balls
Edgar Juárez to third
Carlos Rosales to second
Batting: LHB António Muñóz 0-0: Called Strike
0-1: Foul Ball, location: 2F
0-2: Fielders Choice at 2nd, 3-6 (Groundball, 34)
Edgar Juárez scores
Carlos Rosales to third
Batting: RHB Steve Boyer 0-0: Ball
1-0: Called Strike
1-1: Fly out, F9 (Line Drive, 9)
Top of the 7th over - 4 run(s), 4 hit(s), 0 error(s), 2 left on base; San Francisco 8 - Yellowknife 0
BOTTOM OF THE 7TH
Yellowknife Claws batting - Pitching for San Francisco Macho Men : RHP Gilberto Delgado
Batting: RHB Diego Cabañas 0-0: Called Strike
0-1: Foul Ball, location: 2F
0-2: SINGLE (Groundball, 34D)
Pitching: RHP Rick Díaz
Batting: RHB Bob Bishop 0-0: Ball
Diego Cabañas steals 2nd base
1-0: Foul Ball, location: 2F
1-1: Foul Ball, location: 2F
1-2: Hit by Pitch
Batting: RHB Curt O'Brian 0-0: Ball
1-0: Ball
2-0: Called Strike
2-1: Ball
Wild Pitch!
Diego Cabañas to third
Bob Bishop to second
3-1: Base on Balls
Batting: RHB Alan Williams 0-0: Swinging Strike
0-1: Ball
1-1: Fielders Choice at 2nd, 6-4 (Groundball, 6)
Diego Cabañas scores
Bob Bishop to third
Batting: RHB Carlos Uribe 0-0: Called Strike
0-1: Foul Ball, location: 2F
0-2: Ball
1-2: Strikes out swinging
Batting: RHB Juan Gómez 0-0: Called Strike
0-1: Ball
1-1: Ball
2-1: SINGLE (Groundball, 6MD)
Bob Bishop scores
Alan Williams to second
Runner from 2nd tries for 3rd, SAFE, throw made to third
Batting: RHB Fernando Álvarez 0-0: Called Strike
0-1: Foul Ball, location: 2F
0-2: Foul Ball, location: 2F
0-2: Ball
1-2: Strikes out looking
Bottom of the 7th over - 2 run(s), 2 hit(s), 0 error(s), 2 left on base; San Francisco 8 - Yellowknife 2
TOP OF THE 8TH
San Francisco Macho Men batting - Pitching for Yellowknife Claws : LHP José Rojas
Batting: SHB Walton Locke 0-0: Called Strike
0-1: Fly out, F8 (Flyball, 8LM)
Batting: LHB Clayton Bailey 0-0: Ball
1-0: Ground out 6-3 (Groundball, 6)
Batting: LHB Tony Ayala 0-0: Called Strike
0-1: Ball
1-1: Ball
2-1: Foul Ball, location: 2F
2-2: Foul Ball, location: 2F
2-2: Ball
3-2: Fly out, F8 (Flyball, 8LD)
Top of the 8th over - 0 run(s), 0 hit(s), 0 error(s), 0 left on base; San Francisco 8 - Yellowknife 2
BOTTOM OF THE 8TH
Yellowknife Claws batting - Pitching for San Francisco Macho Men : RHP Rick Díaz
Now at 1B: Nelson Burton
Now in RF: Lou Goeble
Batting: RHB Matt Dundee 0-0: Ball
1-0: Fly out, F8 (Flyball, 8RM)
Batting: SHB José Espinoza 0-0: Foul Ball, location: 2F
0-1: SOLO HOME RUN (Flyball, 9LD), Distance : 361 ft
Batting: RHB Diego Cabañas 0-0: Called Strike
0-1: Foul Ball, location: 2F
0-2: Ball
1-2: Ground out U3 (Groundball, 34)
Batting: RHB Bob Bishop 0-0: Ball
1-0: Ball
2-0: Foul Ball, location: 2F
2-1: Ball
3-1: Called Strike
3-2: Foul Ball, location: 2F
3-2: Base on Balls
Batting: RHB Curt O'Brian 0-0: Ball
1-0: Called Strike
1-1: Fielders Choice at 2nd, 5-4 (Groundball, 5)
Bottom of the 8th over - 1 run(s), 1 hit(s), 0 error(s), 0 left on base; San Francisco 8 - Yellowknife 3
TOP OF THE 9TH
San Francisco Macho Men batting - Pitching for Yellowknife Claws : LHP José Rojas
Batting: RHB Mike Hall 0-0: Ball
1-0: Called Strike
1-1: Called Strike
1-2: SINGLE (Groundball, 4S) (infield hit)
Batting: RHB Edgar Juárez 0-0: Called Strike
0-1: Ball
1-1: Foul Ball, location: 2F
1-2: Ball
2-2: Strikes out swinging
Batting: RHB Carlos Rosales 0-0: Foul Ball, location: 2F
0-1: Ball
1-1: Swinging Strike
1-2: Foul Ball, location: 2F
1-2: Foul Ball, location: 2F
1-2: Ball
2-2: Foul Ball, location: 2F
2-2: Strikes out swinging
Mike Hall steals 2nd base
Batter strikes out.
Batting: RHB Dave MacGruder 0-0: Called Strike
0-1: Ball
1-1: Foul Ball, location: 2F
1-2: Strikes out looking
Top of the 9th over - 0 run(s), 1 hit(s), 0 error(s), 1 left on base; San Francisco 8 - Yellowknife 3
BOTTOM OF THE 9TH
Yellowknife Claws batting - Pitching for San Francisco Macho Men : RHP Rick Díaz
Now at SS: Jorge Quiñones
Now in LF: Millard Adams
Batting: RHB Alan Williams 0-0: Called Strike
0-1: Ball
1-1: Foul Ball, location: 2F
1-2: Ball
2-2: Ground out 6-3 (Groundball, 6)
Batting: RHB Carlos Uribe 0-0: Foul Ball, location: 2F
0-1: Ball
1-1: Foul Ball, location: 2F
1-2: Strikes out swinging
Batting: RHB Juan Gómez 0-0: Ball
1-0: Ball
2-0: SOLO HOME RUN (Flyball, 8RXD), Distance : 446 ft
Pitching: RHP Ryuichi Ohayashi
Batting: RHB Fernando Álvarez 0-0: Called Strike
0-1: Called Strike
0-2: Ball
1-2: Ground out 4-3 (Groundball, 4M)
Bottom of the 9th over - 1 run(s), 1 hit(s), 0 error(s), 0 left on base; San Francisco 8 - Yellowknife 4
Thursday, March 30th, 2017 - OOTP Baseball 17.12 Build 75